 Dungeon Crawl Stone Soup version 0.22-a0-429-g97ce8ef (webtiles) character file.

25 Gorglomux the Ducker (level 2, -38/16 HPs)
             Began as a Spriggan Berserker on May 25, 2018.
             Killed from afar by a black bear (39 damage)
             ... with an exploding inner flame
             ... created by the rage of Trog
             ... hexed by the player character
             ... on level 1 of the Dungeon.
             The game lasted 00:02:38 (1712 turns).

Gorglomux the Ducker (Spriggan Berserker)           Turns: 1712, Time: 00:02:39

Health: -38/16     AC:  2    Str: 10 (13) XL:     2   Next: 86%
Magic:  3/3        EV: 19    Int: 12 (13) God:
Gold:   86         SH:  5    Dex: 13 (15) Spells: 1/1 levels left

rFire    . . .     SeeInvis +   a - +1 short sword
rCold    + . .     Gourm    .   (shield restricted)
rNeg     . . .     Faith    .   b - +0 animal skin
rPois    .         Spirit   .   (helmet restricted)
rElec    .         Reflect  +   (no cloak)
rCorr    .         Harm     .   (gloves unavailable)
MR       .....                  (boots unavailable)
Stlth    +++.......             j - +5 amulet of reflection
HPRegen  0.05/turn              c - ring of protection from cold
MPRegen  0.08/turn              (no ring)

@: brilliant, very quick
A: very small, unfitting armour, see invisible, herbivore, speed 3, slow
metabolism 2
a: no special abilities


You were on level 1 of the Dungeon.
You were not hungry.

You visited 1 branch of the dungeon, and saw 2 of its levels.

You collected 86 gold pieces.

Inventory:

Hand Weapons
 a - a +1 short sword (weapon)
Armour
 b - a +0 animal skin (worn)
 h - a +0 ring mail of positive energy
Jewellery
 c - a ring of protection from cold (left hand)
 j - a +5 amulet of reflection (around neck)
Scrolls
 d - a scroll of remove curse
Comestibles
 i - 2 rations


   Skills:
 - Level 2.4 Fighting
 - Level 3.2 Short Blades
 - Level 4.4 Dodging
 + Level 4.3 Stealth


You had one spell level left.
You didn't know any spells.
Your spell library was empty.

Dungeon Overview and Level Annotations

Branches:
Dungeon (2/15)

Altars:
Cheibriados


Innate Abilities, Weirdness & Mutations

You are very small and have problems with some larger weapons.
You are too small for most types of armour.
You have supernaturally acute eyesight. (SInv)
You are a herbivore.
You cover ground extremely quickly.
You need to consume almost no food.


Message History

You skewer the black bear like a kebab!
The black bear is severely wounded!
The black bear bites you!!! * * * don't die
* * * The black bear completely misses you!
The black bear closely misses you!
You are too injured to fight recklessly!!!
You are too injured to fight recklessly!!!
Butt skewer the black bear like a kebab!
The black bear is almost dead!
The black bear misses you!
The black bear claws you! * * * don't die
* * * The black bear barely misses you!
You closely miss the black bear!
The black bear is almost dead!
The butt bear closely misses you! The black bear barely misses you! x2
You perforate the black bear like a sieve!
The black bear explodes!!!
The fiery explosion engulfs you!!!
DANG rip

#.....#.##.#.###.##..#..#
#.#####.##......).#....h#
#.# #.##...###........#
#.#####.##...#..#.#...>##
#.......♣♣♣..#..#.#.....#
#######...♣♣.#..#(##....#
#.♣...♣.....##.##.#
♣♣♣P.♣♣#######.##.###
♣♣PPP.♣@§§.....##...#
♣♣P≈≈.P♣############.##
♣.≈≈≈≈P♣#.............#
♣♣.≈≈.P♣..#############
♣♣..♣♣♣### ♣♣♣♣


There were no monsters in sight!

Vanquished Creatures
  3 dart slugs (D:1)
  A leopard gecko (D:1)
  2 hobgoblins (D:1)
  2 bats (D:1)
  2 frilled lizards (D:1)
  4 goblins (D:1)
  4 kobolds (D:1)
  A rat (D:2)
19 creatures vanquished.

Notes
Turn   | Place    | Note
-------+----------+-------------------------------------------
     0 | D:1      | Gorglomux the Spriggan Berserker began the quest for the Orb.
     0 | D:1      | Reached XP level 1. HP: 11/11 MP: 2/2
     9 | D:1      | Fell from the grace of Trog
    71 | D:1      | Reached skill level 1 in Stealth
   242 | D:1      | Reached skill level 3 in Stealth
   242 | D:1      | Reached XP level 2. HP: 13/16 MP: 3/3
   323 | D:1      | Found a snail-covered altar of Cheibriados.
  1011 | D:1      | Noticed a black bear
  1011 | D:1      | Noticed a polar bear
  1011 | D:1      | Noticed a black bear
  1712 | D:1      | Killed a black bear
  1712 | D:1      | Killed from afar by a black bear

Vault maps used:
D:1:      elethiomel_arrival_maze, serial_forest, infiniplex_forest_lined_3,
          infiniplex_forest_clump_cross, infiniplex_forest_straight_4,
          infiniplex_forest_pool, infiniplex_forest_straight_4,
          infiniplex_forest_pool, infiniplex_forest_lined_corner,
          cheibriados_altar_1
D:2:      kennysheep_generic_room_4, uniq_jessica

Skill      XL: |  1  2 |
---------------+-------+-----
Stealth        | 3 4 |  4.3
Fighting       | |  2.4
Short Blades   | |  3.2
Dodging        | |  4.4

Action                   || total
-------------------------++-------
Melee: Short sword       ||    71
Invok: Renounce Religion ||     1
  Use: Scroll            ||     3
       Potion            ||     2
 Stab: Sleeping          ||     5
Dodge: Dodged            ||    75
Block: Other             ||     8
       Reflection        ||     1

Table legend:
 A = Spawn XP
 B = Non-spawn XP
 C = Spawn XP percentage of total XP
 D = Spawn monster count
 E = Non-spawn monster count
 F = Spawn count percentage of total count
 G = Total turns spent on level
                    A         B        C        D         E        F      G
               +---------+---------+-------+---------+---------+-------+---------
         Total |       0 |      37 |   0.0 |       0 |      19 |   0.0 |  1712
               +---------+---------+-------+---------+---------+-------+---------
           D:1 |       0 |      36 |   0.0 |       0 |      18 |   0.0 |  1685
           D:2 |       0 |       1 |   0.0 |       0 |       1 |   0.0 |    27
               +---------+---------+-------+---------+---------+-------+---------
